 Dungeon Crawl Stone Soup version 0.29-a0-824-gd827844252 (webtiles) character file.

Game seed: 2125751656568273182

106 Malachi the Sneak (level 4, 0/29 HPs)
             Began as an Octopode Brigand on July 10, 2022.
             Slain by a jackal (2 damage)
             ... on level 3 of the Dungeon.
             The game lasted 00:02:07 (3123 turns).

Malachi the Sneak (Octopode Brigand)                Turns: 3123, Time: 00:02:08

Health: 0/29       AC:  1    Str: 10    XL:     4   Next: 84%
Magic:  4/4        EV: 12    Int: 13    God:
Gold:   63         SH:  0    Dex: 15    Spells: 3/3 levels left

rFire   . . .      SeeInvis +   r - +3 quarterstaff (chaos)
rCold   . . .      Faith    .   (shield currently unavailable)
rNeg    . . .      Spirit   .   (helmet restricted)
rPois   .          Reflect  .   (no amulet)
rElec   .          Harm     .   j - ring of see invisible
rCorr   .          Rampage  .   (no ring)
Will    .....                   (no ring)
Stlth   ++++......              (no ring)
HPRegen 0.09/turn               (no ring)
MPRegen 0.09/turn               (no ring)
                                (no ring)
                                (no ring)

@: no status effects
A: almost no armour, amphibious, 8 rings, camouflage 1, gelatinous body 1,
(nimble swimmer 1), tentacles
a: no special abilities


You were on level 3 of the Dungeon.
You visited 1 branch of the dungeon, and saw 3 of its levels.

You collected 63 gold pieces.

Inventory:

Hand Weapons
 a - a +2 dagger
 r - a +3 quarterstaff of chaos (weapon)
Missiles
 b - 16 poisoned darts
 c - a curare-tipped dart (quivered)
Jewellery
 j - a ring of see invisible (left tentacle)
Scrolls
 d - 3 scrolls of teleportation {unknown}
 e - 2 scrolls of identify {unknown}
 f - a scroll of enchant weapon {unknown}
 g - a scroll of fear {unknown}
 i - a scroll of blinking {unknown}
 p - a scroll of fog {unknown}
Potions
 h - a potion of resistance {unknown}
 k - a potion of flight {unknown}
 l - a potion of haste {unknown}
 m - 2 potions of ambrosia {unknown}
 n - a potion of cancellation {unknown}
 o - a potion of curing {unknown}
 q - a potion of attraction {unknown}


   Skills:
 - Level 2.0 Fighting
 - Level 4.7 Short Blades
 + Level 1.0 Staves
 - Level 2.0 Throwing
 - Level 1.0 Dodging
 - Level 5.3 Stealth


You had 3 spell levels left.
You didn't know any spells.
Your spell library was empty.

Dungeon Overview and Level Annotations

Branches:
Dungeon (3/15)

Altars:

Shops:
D:1 !   D:2 *

Annotations:
D:3 2 runed translucent doors


Innate Abilities, Weirdness & Mutations

You cannot wear most types of armour.
You are amphibious.
You can wear up to eight rings at the same time.
Your skin changes colour to match your surroundings (Stealth+).
Your rubbery body absorbs attacks. (AC +1, EV +1)
((You are camouflaged when in or above water. (Stealth+)))
You have tentacles for arms and can constrict up to eight enemies at once.


Message History

Found a scroll labelled ZOTULLYFA.
The adder hisses angrily.
You sock the jackal!
You kill the jackal!
The jackal barks!
The jackal barks!
You hit the rat.
You kill the rat!
The adder bites you.
You are poisoned.
The adder poisons you! The adder barely misses you.
You miss the adder. Your grab misses the adder.
You feel sick. The jackal misses you. The jackal closely misses you.
The adder barely misses you. The jackal bites you.
The jackal closely misses you. x2
You closely miss the adder. Your grab misses the adder.
Your squeeze misses the adder.
You feel sick. The adder barely misses you. The jackal barely misses you.
The jackal bites you. x2
The adder bites you but does no damage. The jackal bites you.
The jackal closely misses you. The jackal completely misses you.
You sock the adder!
The adder is poisoned.
Your grab misses the adder.
The adder is severely wounded.
You feel sick. The adder barely misses you. The jackal misses you.
The jackal bites you. x2; The adder bites you.
The jackal barely misses you. x2
You are too injured to fight recklessly!
You closely miss the adder. You grab the adder. You squeeze the adder.
You kill the adder!
You feel sick.
You are no longer poisoned.
The jackal closely misses you. x2; The jackal bites you.
* * * LOW HITPOINT WARNING * * *
The jackal bites you.
* * * LOW HITPOINT WARNING * * *
The jackal bites you.
* * * LOW HITPOINT WARNING * * *
Your Staves skill increases to level 1!
You sock the rat!
You kill the rat!
The jackal misses you. The jackal barely misses you. The jackal bites you.
You die...

#......#
#......##....≈.≈
#....).####++###
#.......#......##
#....)..#.......#####.
#...<...##....#.......
#.......##............
######.####...hh......
##........@.<.....
##..........h......
#................?.
#..................
#..................
##.................
#.................
#..........######..
#...........


You could see 3 jackals.

Vanquished Creatures
  Crazy Yiuf (D:2)
  Terence (D:3)
  An adder (D:3)
  A gnoll (D:1)
  2 endoplasms
  A goblin (D:2)
  3 hobgoblins
  4 jackals
  6 kobolds
  2 quokkas
  4 ball pythons
  6 bats
  A frilled lizard (D:1)
  2 rats (D:3)
35 creatures vanquished.

Vanquished Creatures (others)
  2 plants (D:1)
2 creatures vanquished.

Grand Total: 37 creatures vanquished

Notes
Turn   | Place    | Note
-------+----------+-------------------------------------------
     0 | D:1      | Malachi the Octopode Brigand began the quest for the Orb.
     0 | D:1      | Reached XP level 1. HP: 14/14 MP: 1/1
    78 | D:1      | Reached XP level 2. HP: 8/19 MP: 2/2
   611 | D:1      | Found a faded altar of an unknown god.
   857 | D:1      | Found Weggoant's Distillery.
  1297 | D:1      | Reached XP level 3. HP: 14/24 MP: 3/3
  2208 | D:2      | Found Beillaidd's Assorted Antiques.
  2520 | D:2      | Found a runed translucent door.
  2521 | D:2      | Noticed Crazy Yiuf
  2530 | D:2      | Killed Crazy Yiuf
  2531 | D:2      | Reached XP level 4. HP: 7/29 MP: 4/4
  2900 | D:3      | Noticed Terence
  2907 | D:3      | Killed Terence
  3112 | D:3      | Found a large runed translucent door.
  3112 | D:3      | Found a large runed translucent door.
  3123 | D:3      | Reached skill level 1 in Staves
  3123 | D:3      | Slain by a jackal

Illustrated notes

Levels and vault maps discovered:
D:1:      nicolae_arrival_somewhat_less_tricky_arrival, layout_basic,
          serial_shops, nicolae_shop_waterfront,
          chequers_ecumenical_altar_grove, nicolae_grassy_gnolls
D:2:      layout_basic, serial_shops, shop, uniq_crazy_yiuf_cottage
D:3:      layout_rooms, ebering_ghost_disaster_area, grunt_ministairs_8,
          uniq_sigmund, uniq_terence

Skill      XL: |  1  2  3  4 |
---------------+-------------+-----
Short Blades   | 3 4 |  4.7
Staves         | 1 |  1.0
Fighting       | |  2.0
Throwing       | |  2.0
Dodging        | |  1.0
Stealth        | |  5.3

Action                   |  1- 3 |  4- 6 || total
-------------------------+-------+-------++-------
Melee: Dagger            |    61 |       ||    61
       Tentacles         |    12 |     2 ||    14
       Constrict         |    13 |     2 ||    15
       Punch             |     1 |       ||     1
       Quarterstaff      |       |    13 ||    13
Throw: Dart              |     2 |       ||     2
 Stab: Sleeping          |    10 |       ||    10
Armor: Skin              |     7 |     1 ||     8
Dodge: Dodged            |    23 |    20 ||    43

Table legend: (Time is in decaauts)
 A = Elapsed time spent in this place.
 B = Non-inter-level travel time spent in this place.
 C = Inter-level travel time spent in this place.
 D = Time resting spent in this place.
 E = Time spent auto-exploring this place.
 F = Levels seen in this place.
 G = Mean time per level.
                   A        B        C        D        E       F      G
               +--------+--------+--------+--------+--------+-----+--------+
         Total |   3115 |   3045 |     70 |    974 |   1786 |   3 | 1038.3 |
       Dungeon |   3115 |   3045 |     70 |    974 |   1786 |   3 | 1038.3 |
               +--------+--------+--------+--------+--------+-----+--------+

Top non-repeatable levels by time:
     D:1: 1787 daAuts
     D:2: 1102 daAuts
     D:3: 226 daAuts
